 Dungeon Crawl Stone Soup version 0.18.1-50-g88ac8fd (webtiles) character file.

250174 Peloso the Fencer (level 19, 0/174 HPs)
             Began as a Ghoul Fighter on Oct 29, 2016.
             Was the Champion of Okawaru.
             Shot with an arrow by a centaur warrior (2 damage)
             ... on level 1 of the Vaults.
             The game lasted 02:45:25 (37984 turns).

Peloso the Fencer (Ghoul Fighter)                  Turns: 37984, Time: 02:45:26

Health: 0/174      AC: 31    Str: 33      XL:     19   Next: 62%
Magic:  20/20      EV: 12    Int:  2 (3)  God:    Okawaru [******]
Gold:   2511       SH: 16    Dex: 13      Spells: 0 memorised, 18 levels left

rFire  + . .     SeeInvis +     D - +11 double sword of Tut Rimumn {pain, rN+ MR+}
rCold  + . .     Gourm    .     r - +4 plate armour {rF+}
rNeg   + + +     Faith    .     c - +0 shield
rPois  ∞         Spirit   .     Q - +2 helmet {SInv}
rElec  .         Dismiss  .     I - +2 cloak {MR+}
rCorr  .         Reflect  .     l - +0 pair of gloves
SustAt .         Harm     .     R - +1 pair of boots {run}
MR     +++..                    i - amulet of regeneration
Stlth  ..........               e - +5 ring of strength
                                u - +5 ring of strength

@: very slightly contaminated, rotting, quick, extremely resistant to hostile
enchantments, extremely unstealthy
A: rotting body, claws 1, carnivore 3, cold resistance 1, negative energy
resistance 3, slow regeneration 1, torment resistance, unbreathing
a: Heroism, Finesse, Renounce Religion
}: 2/15 runes: barnacled, gossamer


You were on level 1 of the Vaults.
You worshipped Okawaru.
Okawaru was exalted by your worship.
You were not hungry.

You visited 7 branches of the dungeon, and saw 35 of its levels.
You also visited: Labyrinth and Sewer.

You collected 3258 gold pieces.
You spent 747 gold pieces at shops.

Inventory:

Hand Weapons
 D - the +11 double sword of Tut Rimumn (weapon) {pain, rN+ MR+}
   (Okawaru gifted it to you on level 5 of the Lair of Beasts)

   In the hands of one skilled in necromantic magic, it inflicts extra damage on
   living creatures.
   It protects you from negative energy.
   It affects your resistance to hostile enchantments.
 N - the +2 demon blade "Widaefaf" {flame, Dex+4}
   (Okawaru gifted it to you on level 4 of the Shoals)

   It has been specially enchanted to burn those struck by it, causing extra
   injury to most foes and up to half again as much damage against particularly
   susceptible opponents.
   Big, fiery blades are also staple armaments of hydra-hunters.
   It affects your dexterity (+4).
Armour
 c - a +0 shield (worn)
 l - a +0 pair of gloves (worn)
 r - a +4 plate armour of fire resistance (worn)
 x - a quicksilver dragon hide
 I - a +2 cloak of magic resistance (worn)
 M - a +0 cloak of invisibility
 Q - a +2 helmet of see invisible (worn)
 R - a +1 pair of boots of running (worn)
Jewellery
 e - a +5 ring of strength (right hand)
 i - an amulet of regeneration (around neck)
 u - a +5 ring of strength (left hand)
 v - an uncursed ring of resist corrosion
 C - an uncursed amulet of faith {unknown}
 F - an uncursed ring of protection from fire
Wands
 j - a wand of digging (12/24)
 p - a wand of iceblast (8/15)
 s - a wand of lightning (8/15)
 A - a wand of disintegration (12/24)
 O - a wand of teleportation (3/9)
Scrolls
 a - a scroll of amnesia
 g - 2 scrolls of torment
 h - 13 scrolls of remove curse
 q - 3 scrolls of summoning
 w - 2 scrolls of blinking
 y - 4 scrolls of teleportation
 E - 3 scrolls of recharging
 K - a scroll of silence
 S - 7 scrolls of identify
 T - 6 scrolls of magic mapping
Potions
 b - 6 potions of flight
 d - 4 potions of might
 k - 20 potions of curing
 m - 3 potions of resistance
 B - a potion of invisibility
 G - 2 potions of haste
Books
 H - a book of the Warp

   Spells                             Type                      Level
   a - Recall                         Summoning/Translocation      3
   b - Gell's Gravitas                Hexes/Translocation          3
   c - Force Lance                    Conjuration/Translocation    4
   d - Warp Weapon                    Charms/Translocation         5
   e - Summon Forest                  Summoning/Translocation      5
Comestibles
 f - 19 meat rations
 n - 2 royal jellies
 o - 13 beef jerkies
 t - 9 slices of pizza
 z - 12 chunks of flesh


   Skills:
 + Level 16.9 Fighting
 + Level 17.0 Long Blades
 + Level 13.3 Armour
 + Level 7.3 Dodging
 + Level 2.9 Stealth
 + Level 16.5 Shields
 + Level 3.3 Invocations
 + Level 1.0 Evocations


You had 18 spell levels left.
You didn't know any spells.

Dungeon Overview and Level Annotations

Branches:
Dungeon (15/15)            Temple (1/1) D:5            Lair (8/8) D:11
 Shoals (4/4) Lair:4       Spider (4/4) Lair:5        Slime (0/6) Lair:6
    Orc (2/2) D:12            Elf (0/3) Orc:2        Vaults (1/5) D:13
 Depths (0/5) D:15

Altars:
Ashenzari
Cheibriados
Dithmenos
Elyvilon
Fedhas
Gozag
Kikubaaqudgha
Makhleb
Nemelex Xobeh
Okawaru
Pakellas
Qazlal
Ru
Sif Muna
Trog
Vehumet
Xom
Yredelemnul
Zin
The Shining One
Beogh
Jiyva

Shops:
D:10 [   D:11 *   D:12 (   D:13 =   D:15 %   Orc:1 *   Orc:2 ((}}   Shoals:4 %
Vaults:1 *

Annotations:
D:4 Groucho's ghost, amateur MiGl


Innate Abilities, Weirdness & Mutations

Your body is rotting away.
You thrive on raw meat.
You are immune to poison.
You have sharp fingernails.
You are carnivorous and can eat meat at any time.
Your flesh is cold resistant.
You are immune to negative energy.
You regenerate slowly when monsters are visible.
You are immune to unholy pain and torment.
You can survive without breathing.


Message History

The centaur warrior is severely wounded.
The orc knight hits you from afar with a halberd of freezing!!
* * * LOW HITPOINT WARNING * * *
The orc knight freezes you.
* * * LOW HITPOINT WARNING * * *
You block the deep troll's attack. The deep troll claws you.
* * * LOW HITPOINT WARNING * * *
You block the deep troll's attack. The stone giant hits you!!
* * * LOW HITPOINT WARNING * * *
The centaur warrior hits you but does no damage.
Read which item? (? for menu, Esc to quit)
Blink to where?
Press: ? - help, Dir - move target cursor You are very lightly contaminated with residual magic.
As you read the scroll of blinking, it crumbles to dust.
The centaur warrior shoots an arrow.
You block the arrow.
The centaur warrior shoots an arrow.
The arrow hits you but does no damage.
The centaur warrior shoots an arrow.
You block the arrow.
The centaur warrior shoots an arrow.
The arrow hits you.
You die...

......z. ######## # .#..#..
#.'.))(# # ....QC #.#..#.# #
#po!.# #.#'##.# #po.)# #.#.[#.#
##.(## #.####.# #.(# #......#
##)###################'##########
...z......c....(@................
....(....pcT........))...........
...p.(...o.......................
.....#o##c###########(#######+###
.T...#TC§............(..........#
.....###..##..##..##..##..##..###
.....# #..##..##..##..##..##..# #
.....# ######################## #
.....############################


You could see an orc knight, 3 centaur warriors, a deep troll and an ironbrand
convoker.

Vanquished Creatures
  Nikola (Spider:2)
  Arachne (Spider:2)
  Asterion (Spider:4)
  Frances (Shoals:1)
  Kirke (Shoals:1)
  Roxanne (Spider:3)
  A tengu reaver (Vaults:1)
  Wiglaf (Spider:1)
  Ilsuiw (Shoals:4)
  2 vault wardens (Vaults:1)
  Maud (D:13)
  3 emperor scorpions
  An orc warlord (Orc:2)
  3 ghost moths (Spider:4)
  2 ironheart preservers (Vaults:1)
  Nessos (Lair:6)
  A spark wasp (shapeshifter) (D:13)
  3 spark wasps (Spider:4)
  Snorg (D:13)
  3 merfolk javelineers
  A yaktaur captain (Vaults:1)
  Josephine (Lair:6)
  9 merfolk impalers
  Harold (Lair:2)
  A minotaur (Lab)
  The ghost of ender666 the Fighter, a journeyman GrFi of Makhleb (D:13)
  Fannar (Lair:2)
  2 rakshasas
  An entropy weaver (Spider:3)
  4 hydras
  3 catoblepae (Lair:8)
  Erica (D:8)
  3 ogre magi
  A death knight (Vaults:1)
  5 merfolk avatars
  5 merfolk aquamancers
  7 centaur warriors
  13 death yaks (Lair:8)
  A tengu warrior (D:15)
  A queen ant (Spider:2)
  Nergalle (Lair:3)
  6 orc high priests
  Urug (D:15)
  A deep elf knight (Vaults:1)
  The ghost of sheala the Jinx, a journeyman FeEn of Sif Muna (D:13)
  A skeletal warrior (Vaults:1)
  A fire crab (Lair:8)
  12 sea snakes
  A flayed ghost (Vaults:1)
  2 unseen horrors (D:14)
  4 deep trolls (Vaults:1)
  A hill giant (shapeshifter) (D:15)
  11 orc knights
  A swamp dragon (shapeshifter) (D:13)
  An ironbrand convoker (Vaults:1)
  Pikel (D:4)
  16 harpies
  8 hill giants
  A deep elf archer (Vaults:1)
  A mana viper (shapeshifter) (D:13)
  29 wolf spiders
  2 phantasmal warriors
  A necromancer (Vaults:1)
  An oklob plant (Lair:5)
  2 orc sorcerers
  15 orb spiders
  9 ugly things
  8 cyclopes
  3 deep elf magi
  4 hornets
  11 manticores
  4 fauns (Shoals:3)
  A moth of wrath (Spider:1)
  10 griffons
  Maurice (D:9)
  8 elephants
  7 sirens
  6 water nymphs
  6 black mambas
  A gargoyle (D:6)
  2 torpor snails
  3 yaktaurs (Vaults:1)
  5 rime drakes
  A kobold demonologist (D:13)
  An efreet (D:14)
  14 spiny frogs
  A freezing wraith (Vaults:1)
  11 demonic crawlers
  15 komodo dragons
  A tengu conjurer (D:15)
  2 polar bears (Lair:7)
  A yaktaur skeleton (Vaults:1)
  37 jumping spiders
  A wind drake (shapeshifter) (D:13)
  6 two-headed ogres
  2 wind drakes (Shoals:2)
  21 merfolk
  9 trolls
  Prince Ribbit (D:9)
  A jumping spider (shapeshifter) (D:15)
  3 boulder beetles
  4 slime creatures (Vaults:1)
  2 snapping turtles
  24 blink frogs
  A hornet zombie (D:14)
  A vampire (D:13)
  5 wyverns
  55 redbacks
  Sigmund (D:4)
  14 water elementals
  2 shadows
  2 hogs (Shoals:1)
  6 wraiths
  52 yaks
  31 tarantellas
  A hippogriff (shapeshifter) (D:13)
  3 basilisks
  12 hippogriffs
  4 hungry ghosts
  4 vampire mosquitoes
  A mottled dragon (D:15)
  24 soldier ants (Spider:2)
  8 wargs
  11 water moccasins
  15 porcupines
  3 sky beasts
  47 orc warriors
  An eye of draining (D:12)
  2 phantoms
  2 wasps
  A black bear (shapeshifter) (D:13)
  2 black bears
  An ettin simulacrum (Vaults:1)
  30 ogres
  4 ice beasts
  7 necrophages
  An ogre (shapeshifter) (D:15)
  17 wolves
  35 centaurs
  9 crocodiles
  2 big kobolds
  23 giant frogs
  Blork the orc (D:4)
  A glowing shapeshifter simulacrum (Vaults:1)
  5 gnoll sergeants
  5 scorpions
  9 killer bees (D:10)
  4 howler monkeys (D:10)
  An electric eel (Spider:4)
  13 wights
  5 crimson imps
  4 lava snakes (Lab)
  A giant frog zombie (D:9)
  2 centaur zombies
  4 hounds
  7 jellies
  5 centaur skeletons
  A giant frog skeleton (D:7)
  5 gnoll shamans
  36 orc priests
  9 iguanas
  36 worker ants
  Terence (D:2)
  17 orc wizards
  39 sheep
  A hound zombie (D:7)
  A hound skeleton (D:4)
  16 adders
  21 gnolls
  61 river rats
  3 shadow imps
  2 oozes
  An adder zombie (D:8)
  4 dart slugs
  5 worms
  13 giant geckos
  96 orcs
  3 ball pythons
  6 giant cockroaches (Sewer)
  10 goblins
  6 hobgoblins
  8 jackals
  9 quokkas
  2 bats (D:1)
  A giant gecko skeleton (D:4)
  8 giant newts
  9 kobolds
  7 rats
  2 fungi (D:7)
  A plant (D:7)
1408 creatures vanquished.

Vanquished Creatures (others)
  An orb spider (Spider:4)
  2 jumping spiders
  A redback (Spider:4)
  A human (Shoals:1)
  A slave (D:6)
  A hound (D:14)
  A worker ant (D:14)
  2 orcs
  7 fungi
  19 plants
36 creatures vanquished.

Grand Total: 1444 creatures vanquished

Notes
Turn   | Place    | Note
--------------------------------------------------------------
     0 | D:1      | Peloso the Ghoul Fighter began the quest for the Orb.
     0 | D:1      | Reached XP level 1. HP: 19/19 MP: 0/0
   162 | D:1      | Reached XP level 2. HP: 24/26 MP: 1/1
   825 | D:2      | Noticed Terence
   838 | D:2      | Killed Terence
   838 | D:2      | Reached skill level 2 in Long Blades
   838 | D:2      | Reached XP level 3. HP: 24/30 MP: 2/2
   900 | D:2      | Reached XP level 4. HP: 19/37 MP: 3/3
  1880 | D:3      | Found a faded altar to an unknown god.
  2212 | D:3      | Reached XP level 5. HP: 46/46 MP: 4/4
  2227 | D:3      | Reached skill level 1 in Dodging
  2271 | D:4      | Noticed Blork the orc
  2282 | D:4      | Killed Blork the orc
  2299 | D:4      | Noticed Sigmund
  2303 | D:4      | Killed Sigmund
  2303 | D:4      | Reached skill level 3 in Long Blades
  2303 | D:4      | Reached XP level 6. HP: 52/52 MP: 5/5
  2353 | D:4      | Noticed Groucho's ghost (amateur MiGl)
  2480 | D:4      | Reached XP level 7. HP: 20/60 MP: 6/6
  2811 | D:4      | Found a glowing drain.
  2841 | Sewer    | Entered a sewer
  3224 | Sewer    | Got a steaming war axe
  3476 | Sewer    | Identified the +9 war axe of the Fool {elec, *Contam rF+++ rN+++ Str-5} (You found it in a sewer)
  3701 | D:4      | Noticed Pikel
  3734 | D:4      | Killed Pikel
  3734 | D:4      | Reached skill level 5 in Fighting
  3734 | D:4      | Reached skill level 4 in Long Blades
  3734 | D:4      | Reached skill level 1 in Stealth
  3734 | D:4      | Reached skill level 5 in Shields
  3734 | D:4      | Reached XP level 8. HP: 21/68 MP: 7/7
  3787 | D:5      | Entered Level 5 of the Dungeon
  4011 | D:5      | Reached skill level 5 in Armour
  4889 | D:5      | Found a snail-covered altar of Cheibriados.
  4918 | D:5      | Found a staircase to the Ecumenical Temple.
  4924 | Temple   | Entered the Ecumenical Temple
  4980 | Temple   | Became a worshipper of Warmaster Okawaru
  5150 | D:4      | Reached XP level 9. HP: 75/75 MP: 8/8
  5395 | D:6      | Reached skill level 5 in Long Blades
  5421 | D:6      | Reached * piety under Okawaru
  5421 | D:6      | Reached skill level 1 in Evocations
  6046 | D:7      | Noticed a gargoyle
  6077 | D:6      | Killed a gargoyle
  6179 | D:7      | Reached skill level 6 in Long Blades
  6179 | D:7      | Reached XP level 10. HP: 86/86 MP: 9/9
  6337 | D:7      | Reached ** piety under Okawaru
  6457 | D:7      | Found a shattered altar of Ashenzari.
  7113 | D:7      | Found a burning altar of Makhleb.
  7113 | D:7      | Found a bloodstained altar of Trog.
  7113 | D:7      | Found a glowing golden altar of the Shining One.
  7115 | D:7      | Found an oddly glowing altar of Pakellas.
  7118 | D:7      | Found a glowing silver altar of Zin.
  7774 | D:8      | Reached skill level 7 in Long Blades
  7920 | D:8      | Found a shimmering altar of Xom.
  8531 | D:9      | Reached *** piety under Okawaru
  8571 | D:9      | Found a blossoming altar of Fedhas.
  8630 | D:9      | Noticed Erica
  8699 | D:8      | Killed Erica
  8699 | D:8      | Reached XP level 11. HP: 70/94 MP: 10/10
  8745 | D:9      | Reached skill level 5 in Dodging
  8901 | D:9      | Noticed Maurice
  8940 | D:9      | Noticed a hill giant
  8950 | D:9      | Killed a hill giant
  8965 | D:9      | Killed Maurice
  8965 | D:9      | Reached **** piety under Okawaru
  9185 | D:9      | Found a shattered altar of Ashenzari.
  9189 | D:9      | Found an opulent altar of Gozag.
  9299 | D:9      | Noticed Prince Ribbit
  9304 | D:9      | Killed Prince Ribbit
  9472 | D:10     | Entered Level 10 of the Dungeon
  9625 | D:10     | Noticed a hill giant
  9629 | D:10     | Killed a hill giant
  9657 | D:10     | Reached skill level 1 in Invocations
  9852 | D:10     | Noticed a green ugly thing
  9869 | D:10     | Killed a green ugly thing
  9869 | D:10     | Reached skill level 8 in Long Blades
 10165 | D:10     | Found Vocoituj's Armour Shoppe.
 10184 | D:10     | Bought a +2 helmet of see invisible for 258 gold pieces
 10451 | D:11     | Noticed a manticore
 10510 | D:10     | Noticed a hill giant
 10523 | D:10     | Killed a hill giant
 10523 | D:10     | Reached ***** piety under Okawaru
 10529 | D:10     | Reached skill level 10 in Shields
 10565 | D:11     | Killed a manticore
 10565 | D:11     | Reached XP level 12. HP: 31/104 MP: 9/12
 11028 | D:11     | Found Tiqin's Assorted Antiques.
 11055 | D:11     | Reached skill level 9 in Long Blades
 11155 | D:11     | Received a gift from Okawaru
 11176 | D:11     | Found a staircase to the Lair.
 11400 | D:12     | Identified a scroll of acquirement
 11513 | D:12     | Found a shadowy altar of Dithmenos.
 11641 | D:12     | Found a labyrinth entrance.
 11660 | D:12     | Reached skill level 10 in Fighting
 11690 | Lab      | Entered a labyrinth
 11867 | Lab      | Noticed a minotaur
 11875 | Lab      | Killed a minotaur
 11932 | Lab      | Got a pair of distressingly furry boots
 11943 | Lab      | Identified the -6 pair of boots "Oremepo" {rCorr Stlth+} (You acquired it in a labyrinth)
 12110 | D:12     | Found Hynint's Antique Weapon Shop.
 12114 | D:12     | Bought a glowing long sword for 115 gold pieces
 12376 | D:12     | Found a staircase to the Orcish Mines.
 12526 | D:12     | Received a gift from Okawaru
 12605 | Lair:1   | Entered Level 1 of the Lair of Beasts
 12615 | Lair:1   | Reached XP level 13. HP: 112/114 MP: 13/13
 12963 | Lair:1   | Reached skill level 10 in Long Blades
 13597 | Lair:2   | Noticed Fannar
 13621 | Lair:2   | Killed Fannar
 13805 | Lair:2   | Noticed Harold
 13825 | Lair:2   | Killed Harold
 14468 | Lair:3   | Noticed Nergalle
 14488 | Lair:3   | Killed Nergalle
 14627 | Lair:3   | Received a gift from Okawaru
 15421 | Lair:4   | Found a staircase to the Shoals.
 15865 | Lair:4   | Reached skill level 11 in Long Blades
 16159 | Lair:5   | Reached XP level 14. HP: 80/121 MP: 14/14
 16781 | Lair:5   | Found a hole to the Spider Nest.
 17199 | Lair:5   | Received a gift from Okawaru
 17202 | Lair:5   | Got a polished double sword {god gift}
 17203 | Lair:5   | Identified the +11 double sword of Tut Rimumn {pain, rN+ MR+} (Okawaru gifted it to you on level 5 of the Lair of Beasts)
 17375 | Lair:6   | Noticed Josephine
 17388 | Lair:6   | Killed Josephine
 17811 | Lair:6   | Reached skill level 10 in Armour
 17871 | Lair:6   | Noticed Nessos
 17927 | Lair:6   | HP: 4/125 [elephant (9)]
 17944 | Lair:6   | HP: 3/125 [elephant (12)]
 18341 | Lair:6   | Found a runed door.
 18341 | Lair:6   | Found a viscous altar of Jiyva.
 18347 | Lair:6   | Found a staircase to the Slime Pits.
 18421 | Lair:6   | Killed Nessos
 19308 | Lair:8   | Entered Level 8 of the Lair of Beasts
 19324 | Lair:8   | Received a gift from Okawaru
 19470 | Lair:8   | Reached skill level 12 in Long Blades
 19486 | Lair:8   | Reached ****** piety under Okawaru
 19813 | Lair:8   | Received a gift from Okawaru
 19822 | Lair:8   | Identified a +1 pair of boots of running (Okawaru gifted it to you on level 8 of the Lair of Beasts)
 20098 | Lair:8   | Reached XP level 15. HP: 17/134 MP: 15/15
 21198 | Orc:1    | Entered Level 1 of the Orcish Mines
 21294 | Orc:1    | Found a roughly hewn altar of Beogh.
 21299 | Orc:2    | Entered Level 2 of the Orcish Mines
 21548 | Orc:2    | Found a staircase to the Elven Halls.
 21776 | Orc:2    | Found a roughly hewn altar of Beogh.
 22771 | Orc:2    | Reached skill level 13 in Long Blades
 22808 | Orc:2    | Received a gift from Okawaru
 23376 | Orc:2    | Found Cocw's Antique Weapon Emporium.
 23376 | Orc:2    | Found Acimimul's Antique Weapon Emporium.
 23377 | Orc:2    | Found Sorauss's Gadget Emporium.
 23377 | Orc:2    | Found Ixoig's Gadget Shoppe.
 23390 | Orc:2    | Bought a wand of digging (13/24) for 374 gold pieces
 23615 | Orc:1    | Noticed an orc warlord
 23731 | Orc:2    | Killed an orc warlord
 23880 | Orc:1    | Found Silotie's Assorted Antiques.
 24393 | Spider:1 | Entered Level 1 of the Spider Nest
 24663 | Spider:1 | Received a gift from Okawaru
 24716 | Spider:1 | Reached XP level 16. HP: 101/144 MP: 17/17
 25860 | Spider:2 | Noticed Nikola
 25884 | Spider:2 | Killed Nikola
 26660 | Spider:3 | Noticed Arachne
 26747 | Spider:2 | Reached skill level 14 in Long Blades
 26894 | Spider:3 | Noticed Wiglaf
 26972 | Spider:1 | Killed Wiglaf
 26993 | Spider:2 | Killed Arachne
 27003 | Spider:3 | Received a gift from Okawaru
 27070 | Spider:3 | Noticed Roxanne
 27084 | Spider:3 | Killed Roxanne
 27086 | Spider:3 | Identified Roxanne's Volume of Earth (You took it off Roxanne on level 3 of the Spider Nest)
 27547 | Spider:4 | Entered Level 4 of the Spider Nest
 27589 | Spider:4 | Reached XP level 17. HP: 151/154 MP: 18/18
 27820 | Spider:4 | Noticed Asterion
 27999 | Spider:4 | Killed Asterion
 29162 | Spider:4 | Reached skill level 15 in Fighting
 29391 | Spider:4 | Reached skill level 15 in Shields
 29520 | Spider:4 | Got a gossamer rune of Zot
 29725 | Shoals:1 | Entered Level 1 of the Shoals
 29748 | Shoals:1 | Received a gift from Okawaru
 29748 | Shoals:1 | Reached skill level 15 in Long Blades
 29751 | Shoals:1 | Got a faintly glowing double sword {god gift}
 29759 | Shoals:1 | Identified the +0 double sword of Causality {slice, rPois MR+ Str+4 Int+4} (Okawaru gifted it to you on level 1 of the Shoals)
 29883 | Shoals:1 | Noticed Frances
 29900 | Shoals:1 | Killed Frances
 30125 | Shoals:1 | Noticed Kirke
 30136 | Shoals:1 | Killed Kirke
 30831 | Shoals:2 | Found a glowing golden altar of the Shining One.
 31246 | Shoals:2 | Got a spiked plate armour
 31257 | Shoals:2 | Identified the cursed +1 plate armour of Absence {rF+ Int+3} (You took it off a merfolk on level 2 of the Shoals)
 31869 | Shoals:3 | Reached XP level 18. HP: 144/163 MP: 19/19
 31931 | Shoals:3 | Received a gift from Okawaru
 31950 | Shoals:3 | Got a translucent demon blade {god gift}
 31952 | Shoals:3 | Identified the +5 demon blade of Extremism {freeze, *Confuse rC++ Int+6} (Okawaru gifted it to you on level 3 of the Shoals)
 32394 | Shoals:4 | Entered Level 4 of the Shoals
 32395 | Shoals:4 | Found Ralad's Food Boutique.
 32911 | Shoals:4 | HP: 7/166 [merfolk impaler/demon trident of flaming (6)]
 33268 | Shoals:4 | Noticed Ilsuiw
 33279 | Shoals:4 | Killed Ilsuiw
 33420 | Shoals:4 | Received a gift from Okawaru
 33423 | Shoals:4 | Got a slimy demon blade {god gift}
 33424 | Shoals:4 | Identified the +2 demon blade "Widaefaf" {flame, Dex+4} (Okawaru gifted it to you on level 4 of the Shoals)
 33452 | Shoals:4 | Reached skill level 16 in Long Blades
 33752 | Shoals:4 | Got a barnacled rune of Zot
 34403 | D:13     | Noticed Maud
 34417 | D:13     | Killed Maud
 34594 | D:13     | Noticed Snorg
 34601 | D:13     | Killed Snorg
 34728 | D:13     | Received a gift from Okawaru
 34813 | D:13     | Found a gate to the Vaults.
 34901 | D:13     | Found Naont's Jewellery Boutique.
 34951 | D:13     | Noticed sheala's ghost (journeyman FeEn)
 34960 | D:13     | Killed sheala's ghost
 35012 | D:13     | Noticed ender666's ghost (journeyman GrFi)
 35039 | D:13     | Killed ender666's ghost
 35425 | D:14     | Found a sparkling altar of Nemelex Xobeh.
 35692 | D:14     | Reached XP level 19. HP: 167/173 MP: 20/20
 35715 | D:14     | Found a sacrificial altar of Ru.
 35897 | D:15     | Entered Level 15 of the Dungeon
 36010 | D:15     | Found a staircase to the Depths.
 36153 | D:15     | Found Vausm's Food Shoppe.
 36280 | D:15     | Noticed Urug
 36291 | D:15     | Killed Urug
 36696 | Vaults:1 | Entered Level 1 of the Vaults
 36990 | Vaults:1 | HP: 7/174 [vault warden/battleaxe of distortion (4)]
 37397 | Vaults:1 | Received a gift from Okawaru
 37527 | Vaults:1 | Found Anus's General Store.
 37552 | Vaults:1 | Lost intelligence.
 37847 | Vaults:1 | Received a gift from Okawaru
 37944 | Vaults:1 | Reached skill level 17 in Long Blades
 37982 | Vaults:1 | HP: 1/174 [stone giant (27)]
 37984 | Vaults:1 | Shot with an arrow by a centaur warrior

Skill      XL: |  1  2  3  4  5  6  7  8  9 10 11 12 13 14 15 16 17 18 19 |
---------------+----------------------------------------------------------+-----
Shields        | 3 4 5 6 8 10 11 12 13 14 15 16 | 16.5
Armour         | 3 4 5 6 7 8 9 10 11 12 13 | 13.3
Long Blades    | 2 3 4 6 7 8 9 11 12 13 14 15 16 17 | 17.0
Fighting       | 4 5 7 8 9 10 11 12 13 14 15 16 | 16.9
Dodging        | 1 3 4 5 6 7 |  7.3
Stealth        | 1 2 |  2.9
Evocations     | 1 |  1.0
Invocations    | 1 2 3 |  3.3

Action                   |  1- 3 |  4- 6 |  7- 9 | 10-12 | 13-15 | 16-18 | 19-21 || total
-------------------------+-------+-------+-------+-------+-------+-------+-------++-------
Melee: Long sword        |    88 |   130 |   707 |   538 |       |       |       ||  1463
       Scimitar          |       |       |       |   604 |   639 |       |       ||  1243
       Double sword      |       |       |       |       |  1010 |  1844 |   418 ||  3272
       Demon blade       |       |       |       |       |       |       |     7 ||     7
Invok: Heroism           |       |       |     1 |    30 |    14 |    10 |     1 ||    56
Evoke: Wand              |       |     5 |     2 |     2 |       |     1 |       ||    10
  Use: Scroll            |       |     5 |     7 |    13 |    17 |    20 |     2 ||    64
       Potion            |       |     1 |     1 |     1 |     2 |     5 |       ||    10
 Stab: Distracted        |       |       |       |       |       |     1 |       ||     1
  Eat: Chunk             |     2 |     9 |    25 |    54 |   140 |   134 |    13 ||   377
Armor: Scale mail        |    47 |    48 |   189 |       |       |       |       ||   284
       Chain mail        |       |       |    75 |       |       |       |       ||    75
       Plate armour      |       |       |    40 |   495 |   947 |  1146 |   162 ||  2790
Dodge: Dodged            |    26 |    33 |   199 |   340 |   670 |   832 |   163 ||  2263
Block: Shield            |    48 |    61 |   367 |   763 |  1439 |  1617 |   359 ||  4654
